AoeStats
← Pizzaboy

Nomad

510334589Analyzed
2v2 RM · 2d ago on Sep 30, 2026· 56m 32s· 4 players
Game mode
Random Map
Map size
176×176
Population
200
Speed
Normal
Resources
Standard
Victory
Conquest
Starting age
Dark Age
Ending age
Imperial Age
RankedLock teamsTeams togetherTeam positionsShared explorationLock speedFull tech treeHidden civsTurbo modeCheats
Victory
Defeat
🇫🇮 Teutons · Finland
1060
+13
🇫🇮 Malay · Finland
952
+18
🇫🇷 Byzantines · France
1037
-17
🇺🇸 Huns · United States
958
-14
Pizzaboy
5:05 Loom
17:43 Feudal Age
24:26 Fishing Lines
29:11 Castle Age
28:01 Wheelbarrow
27:12 Town Watch
28:44 Fletching
29:05 Forging
29:07 Gillnets
29:34 Pikeman
30:15 Squires
30:24 Crossbowman
31:09 Thumb Ring
32:13 Arson
37:40 Hand Cart
40:21 Padded Archer Armor
47:02 Imperial Age
45:10 Bodkin Arrow
45:32 Leather Archer Armor
45:53 Iron Casting
47:08 Bracer
46:41 Arbalester
48:09 Gold Mining
49:58 Ballistics
49:44 Siege Engineers
50:57 Conscription
52:53 Ring Archer Armor
Likainen-Sonni
5:16 Loom
13:23 Feudal Age
14:42 Town Watch
16:16 Fletching
20:09 Double-Bit Axe
20:48 Man-at-Arms
21:24 Horse Collar
22:33 Scale Mail Armor
29:28 Castle Age
30:08 Bodkin Arrow
29:43 Pikeman
33:55 Chain Mail Armor
48:41 Imperial Age
46:38 Squires
49:07 Halberdier
53:17 Plate Mail Armor
57:27 Crenellations
Selwino
7:33 Loom
13:37 Feudal Age
21:01 Castle Age
21:23 Scale Barding Armor
21:31 Forging
23:37 Fletching
FauneMontagne91
10:28 Loom
13:26 Feudal Age
14:22 Double-Bit Axe
15:46 Horse Collar
25:19 Castle Age
24:14 Fletching
25:31 Crossbowman
26:51 Bow Saw
27:11 Husbandry
38:10 Imperial Age
38:37 Bodkin Arrow
38:28 Cavalier
40:02 Wheelbarrow
40:04 Scale Barding Armor
42:01 Chemistry
40:58 Arbalester
42:30 Chain Barding Armor
42:52 Hand Cart
43:49 Plate Barding Armor
43:47 Bracer
44:51 Ballistics
44:35 Arbalester
49:37 Two-Man Saw
50:47 Forging
50:22 Elite Skirmisher
51:09 Thumb Ring
53:39 Padded Archer Armor
54:14 Iron Casting
Connection lost

Rejoining the realm…

Still unreachable

The connection could not be restored.

Session expired

The server has moved on; the page needs a fresh start.